 Dungeon Crawl Stone Soup version 0.25-a0-1024-gbfbf38f2cb (webtiles) character file.

Game seed: 10165052663849883971, levelgen mode: classic

3574 Amnesiac the Cruncher (level 9, -9/52 HPs)
             Began as a Deep Elf Gladiator on May 12, 2020.
             Was a Follower of Okawaru.
             Shot with an arrow by a centaur (12 damage)
             ... on level 8 of the Dungeon.
             The game lasted 00:22:34 (8098 turns).

Amnesiac the Cruncher (Deep Elf Gladiator)          Turns: 8098, Time: 00:22:35

Health: -9/52      AC:  9    Str: 14    XL:     9   Next: 84%
Magic:  28/32      EV: 15    Int: 14    God:    Okawaru [*.....]
Gold:   505        SH:  0    Dex: 16    Spells: 14/24 levels left

rFire    + + .     SeeInvis .   a - +1 morningstar (protect)
rCold    . . .     Gourm    .   (no shield)
rNeg     . . .     Faith    .   y - +2 leather armour {rF+}
rPois    .         Spirit   .   c - +0 helmet
rElec    .         Reflect  .   m - +0 cloak
rCorr    .         Harm     .   (no gloves)
MR       .....                  h - +0 pair of boots
Stlth    +.........             (no amulet)
HPRegen  0.17/turn              t - ring of magical power
MPRegen  0.23/turn              N - ring of protection from fire

@: very slightly contaminated, hasted, very quick
A: no striking features
a: Heroism, Renounce Religion


You were on level 8 of the Dungeon.
You worshipped Okawaru.
Okawaru was aware of your devotion.
You were not hungry.

You visited 2 branches of the dungeon, and saw 9 of its levels.
You also visited: Sewer.

You collected 505 gold pieces.

Inventory:

Hand Weapons
 a - a +1 morningstar of protection (weapon)
 i - a +0 eveningstar
 r - a +0 hunting sling
 u - a +0 quarterstaff
 P - a +0 shortbow
 T - a +0 spear of distortion
Missiles
 d - 25 poisoned darts
 g - 3 curare-tipped darts
 l - 247 stones
 p - 3 throwing nets
 v - 5 atropa-tipped darts
 w - 42 sling bullets
 x - 8 boomerangs (quivered)
 Q - 33 arrows
Armour
 c - a +0 helmet (worn)
 h - a +0 pair of boots (worn)
 m - a +0 cloak (worn)
 y - a +2 leather armour of fire resistance (worn)
 V - a +0 plate armour
Magical Staves
 b - an uncursed staff of wizardry {!a}
Jewellery
 t - a ring of magical power (left hand)
 N - a ring of protection from fire (right hand)
Wands
 G - a wand of random effects (44)
 U - a wand of digging (3)
Scrolls
 e - 2 scrolls of blinking {!r, unknown}
 k - 4 scrolls of enchant weapon {!r, unknown}
 n - 3 scrolls of magic mapping {!r, unknown}
 o - 2 scrolls of remove curse {!r}
 q - a scroll of noise {!r, unknown}
 z - 3 scrolls of fog {!r}
 C - 6 scrolls of teleportation {!r, unknown}
 E - 2 scrolls of fear {!r, unknown}
 I - 8 scrolls of identify {!r}
 K - 2 scrolls of enchant armour {!r, unknown}
Potions
 j - 2 potions of curing {!q}
 s - a potion of cancellation {!q}
 A - 3 potions of mutation {!q}
 B - a potion of berserk rage {!q, unknown}
 F - 2 potions of resistance {!q}
 H - a potion of stabbing {!q, unknown}
 J - a potion of experience {!q, unknown}
 L - 3 potions of flight {!q}
 M - a potion of degeneration {!q, unknown}
 O - a potion of magic {!q, unknown}
 R - 2 potions of might {!q, unknown}
 S - a potion of haste {!q}
Comestibles
 f - 15 rations


   Skills:
 - Level 4.0 Fighting
 * Level 9.1 Staves
 + Level 3.9 Throwing
 - Level 4.0 Armour
 - Level 6.0 Dodging
 - Level 8.0 Spellcasting
 - Level 4.0 Evocations


You had 14 spell levels left.
You knew the following spells:

 Your Spells              Type           Power        Failure   Level  Hunger
b - Call Imp              Summ           #.......     24%         2    None
e - Mephitic Cloud        Conj/Pois/Air  #.......     43%         3    ##.....
s - Conjure Flame         Conj/Fire      #.......     43%         3    ##.....
v - Blink                 Tloc           N/A          24%         2    None

Your spell library contained the following spells:

 Spells                   Type           Power        Failure   Level  Hunger
 Magic Dart               Conj           #...         16%         1    None
 Slow                     Hex            #.......     24%         2    None


Dungeon Overview and Level Annotations

Branches:
Dungeon (8/15)             Temple (1/1) D:7           Sewer (visited)
   Lair: D:8-11

Altars:
Ashenzari
Dithmenos
Elyvilon
Gozag
Hepliaklqana
Okawaru
Qazlal
Sif Muna
Wu Jian
Xom


Message History

Confirm with . or Enter, or press ? or * to list all spells.
Aiming: Mephitic Cloud (quite dangerous; 43% risk of failure)
Press: ? - help, Shift-Dir - straight line, f - orc warrior
Aim: an orc warrior, wielding a +0 trident and wearing a +0 chain mail The ball explodes into a vile cloud!
The stinking cloud engulfs the orc warrior but does no damage.
You hear a shout!
You hear a bark!
You hear a shout!
You hear an angry growl.
An orc comes into view. It is wielding a +0 flail.
The orc warrior is engulfed in noxious fumes.
The orc warrior appears confused.
Unknown command.
The orc warrior hits you with a +0 trident!!
You hit the orc warrior but do no damage.
Your weapon exudes an aura of protection.
The orc warrior is lightly wounded.
Your leather armour prevents you from hitting the orc warrior.
The orc warrior is lightly wounded.
The orc warrior completely misses you.
You hit the orc warrior.
The orc warrior is lightly wounded.
A centaur comes into view.
The centaur shouts!
The orc warrior hits you with a +0 trident.
You puncture the orc warrior!
The orc warrior is heavily wounded.
The orc warrior seems less confused.
The orc warrior hits you with a +0 trident.
The orc completely misses you.
Casting: Mephitic Cloud (quite dangerous; 43% risk of failure)
Confirm with . or Enter, or press ? or * to list all spells.
Aiming: Mephitic Cloud (quite dangerous; 43% risk of failure)
Press: ? - help, Shift-Dir - straight line, f/p - orc warrior
Aim: an orc warrior, wielding a +0 trident and wearing a +0 chain mail (heavily wounded) That beam is likely to hit you.
Continue anyway?
Okay, then.
The orc warrior misses you.
The centaur wields a +0 shortbow.
The centaur shoots an arrow.
The arrow hits you but does no damage.
You hear a howl!
You see here an arrow.
You hear a bark!
The orc warrior hits you from afar with a +0 trident!
* * * LOW HITPOINT WARNING * * *
Casting: Mephitic Cloud (quite dangerous; 43% risk of failure)
Confirm with . or Enter, or press ? or * to list all spells.
Aiming: Mephitic Cloud (quite dangerous; 43% risk of failure)
Press: ? - help, Shift-Dir - straight line, f - orc, p - orc warrior
Aim: an orc, wielding a +0 flail and wearing a +0 ring mail You miscast Mephitic Cloud.
You are very lightly contaminated with residual magic.
You feel a sudden electric shock!
* * * LOW HITPOINT WARNING * * *
The centaur shoots an arrow.
The arrow barely misses you.
The orc warrior hits you but does no damage.
The orc hits you with a +0 flail.
* * * LOW HITPOINT WARNING * * *
Unknown command.
Okay, then.
Okay, then.
Unknown command.
Okay, then.
Unknown command.
Really quaff
S - 2 potions of haste {!q}?
You feel yourself speed up.
The centaur shoots an arrow.
The arrow hits you!
You die...

#.##.#.#.#####.#... .
#......#?......##.. .
####.#.........##.# .#
#.############.# .# #l# ##'##
###.# #.# ##...## #####...#
#.#### ##o....###........
#..#.## ##.oc...<##.###.###
##.ยง..####.@.......#.##...##
#.......'.........'........
#....####..>......#.##...#.
#t#.## ##.......##.###.##.
#.### ##.....###........ #.#
##...## ########. #.### ##+##
#. #...# #.# #. ###.#
#.############.


You could see an orc warrior, a centaur and an orc.

Vanquished Creatures
  Grinder (D:3)
  Prince Ribbit (D:5)
  Sigmund (D:3)
  A basilisk (D:8)
  Eustachio (D:4)
  A porcupine (D:8)
  2 orc warriors (D:6)
  A sky beast (D:6)
  2 ice beasts
  Purgy (Sewer)
  2 centaurs
  2 wolves (D:8)
  5 ogres
  A crocodile (D:8)
  A big kobold (D:7)
  A gnoll sergeant (D:7)
  3 bullfrogs
  A howler monkey (D:5)
  2 crimson imps
  A hound (D:5)
  4 jellies
  7 orc wizards
  An orc priest (D:6)
  A centaur skeleton (D:4)
  A bullfrog skeleton (D:4)
  An iguana (D:6)
  Natasha (twice) (D:3)
  8 worker ants
  Robin (D:3)
  A howler monkey zombie (D:6)
  4 gnolls (D:7)
  A howler monkey skeleton (D:6)
  6 adders
  An ooze (D:4)
  5 dart slugs
  7 leopard geckos
  34 orcs
  8 bats
  6 giant cockroaches
  14 goblins
  10 hobgoblins
  8 jackals
  3 quokkas
  9 ball pythons
  4 frilled lizards
  12 kobolds
  5 rats
195 creatures vanquished.

Vanquished Creatures (others)
  A bush (D:8)
1 creature vanquished.

Grand Total: 196 creatures vanquished

Notes
Turn   | Place    | Note
-------+----------+-------------------------------------------
     0 | D:1      | Amnesiac the Deep Elf Gladiator began the quest for the
                  | Orb.
     0 | D:1      | Reached XP level 1. HP: 12/12 MP: 3/3
   126 | D:1      | Reached XP level 2. HP: 12/16 MP: 4/4
   401 | D:1      | Reached skill level 1 in Armour
   867 | D:2      | Reached XP level 3. HP: 20/20 MP: 5/5
  1061 | D:2      | Reached skill level 4 in Staves
  1267 | D:2      | Reached XP level 4. HP: 17/25 MP: 6/6
  1603 | D:2      | Found a shimmering blue altar of Sif Muna.
  1950 | D:3      | Found a shattered altar of Ashenzari.
  2228 | D:3      | Noticed Grinder
  2228 | D:3      | Noticed Sigmund
  2231 | D:3      | Paralysed by Grinder for 2 turns
  2291 | D:3      | Paralysed by Grinder for 3 turns
  2607 | D:3      | Noticed Natasha
  2618 | D:3      | Killed Natasha
  2630 | D:3      | Noticed Robin
  2635 | D:3      | Noticed Natasha
  2642 | D:3      | Killed Natasha
  2642 | D:3      | Reached XP level 5. HP: 16/30 MP: 7/7
  2668 | D:3      | Killed Robin
  2682 | D:3      | Reached skill level 5 in Staves
  2724 | D:2      | Found a stormy altar of Qazlal.
  2763 | D:3      | Killed Sigmund
  2763 | D:3      | Reached XP level 6. HP: 24/35 MP: 8/8
  2890 | D:3      | Paralysed by Grinder for 3 turns
  2895 | D:3      | Killed Grinder
  3085 | D:3      | Learned a level 2 spell: Blink
  3088 | D:3      | Learned a level 2 spell: Call Imp
  3211 | D:3      | Reached XP level 7. HP: 40/40 MP: 9/9
  3212 | D:3      | Reached skill level 6 in Staves
  3516 | D:3      | Found an ornate altar of the Wu Jian Council.
  3680 | D:4      | Reached skill level 1 in Spellcasting
  3711 | D:4      | Reached skill level 5 in Dodging
  3844 | D:4      | Noticed Eustachio
  3867 | D:4      | Killed Eustachio
  4566 | D:5      | Entered Level 5 of the Dungeon
  4622 | D:5      | Learned a level 3 spell: Mephitic Cloud
  4626 | D:5      | Learned a level 3 spell: Conjure Flame
  4887 | D:5      | Reached XP level 8. HP: 42/46 MP: 16/16
  4932 | D:5      | Noticed Prince Ribbit
  4948 | D:5      | Killed Prince Ribbit
  5183 | D:5      | Found an opulent altar of Gozag.
  5739 | D:6      | Found a shimmering altar of Xom.
  5750 | D:6      | Reached XP level 9. HP: 19/51 MP: 23/23
  5777 | D:6      | Found a glowing drain.
  5786 | Sewer    | Entered a sewer
  5959 | Sewer    | Noticed Purgy
  5975 | Sewer    | Killed Purgy
  6155 | D:6      | Reached skill level 7 in Staves
  6608 | D:7      | Found a staircase to the Ecumenical Temple.
  6615 | Temple   | Entered the Ecumenical Temple
  6628 | Temple   | Became a worshipper of Warmaster Okawaru
  6934 | D:7      | Reached skill level 8 in Staves
  7730 | D:8      | Reached * piety under Okawaru
  7765 | D:8      | Reached skill level 9 in Staves
  8098 | D:8      | Shot with an arrow by a centaur

Illustrated notes

Levels and vault maps discovered:
D:1:      dpeg_arrival_lava_altar, layout_basic
D:2:      lemuel_upstairs_altar, layout_loops_ring, led_sif_pool,
          minmay_misc_feat_cross
D:3:      layout_loops_corners, nicolae_overflow_hidden_temple,
          old_standard_altar, nrook_mini_backslash, uniq_robin, uniq_sigmund,
          uniq_natasha, uniq_grinder
D:4:      layout_loops_corners, first_ration, chequers_serial_rivers_large_a,
          corexii_hall_statues_s, kennysheep_generic_room_9, uniq_eustachio
D:5:      layout_loops_cross, overflow_temple_1_default, uniq_prince_ribbit1
D:6:      layout_basic, old_standard_altar, cheibrodos_sewer_entry_drain
D:7:      layout_loops_ring, minmay_temple_entry_ruins
D:8:      layout_loops_corners, lemuel_doored_altar, minmay_lair_entry_grove,
          uniq_erica
Temple:   eino_temple_scatter_basement

Skill      XL: |  1  2  3  4  5  6  7  8  9 |
---------------+----------------------------+-----
Armour         | 1 2 3 4 |  4.0
Staves         | 4 5 6 9 |  9.1
Dodging        | 4 5 6 |  6.0
Fighting       | 2 3 4 |  4.0
Spellcasting   | 4 8 |  8.0
Evocations     | 4 |  4.0
Throwing       | 3 |  3.9

Action                   |  1- 3 |  4- 6 |  7- 9 || total
-------------------------+-------+-------+-------++-------
Melee: Quarterstaff      |    97 |       |       ||    97
       Morningstar       |    12 |   134 |   347 ||   493
Throw: Stone             |     5 |    23 |       ||    28
       Dart              |     9 |    13 |    32 ||    54
       Boomerang         |       |    14 |   124 ||   138
 Cast: Mephitic Cloud    |       |       |    15 ||    15
       Conjure Flame     |       |       |     4 ||     4
       Blink             |       |       |     2 ||     2
       Call Imp          |       |       |     1 ||     1
  Use: Scroll            |       |     4 |     1 ||     5
       Potion            |       |     1 |     5 ||     6
 Stab: Invisible         |       |     1 |       ||     1
       Confused          |       |       |     7 ||     7
       Sleeping          |       |       |     1 ||     1
  Eat: Chunk             |     1 |     7 |    17 ||    25
Armor: Leather armour    |    10 |    44 |   151 ||   205
       Ring mail         |    23 |     5 |       ||    28
Dodge: Dodged            |    73 |    97 |   332 ||   502

Table legend:
 A = Non-vault XP
 B = Vault XP
 C = Vault XP percentage of total XP
 D = Non-vault monster count
 E = Vault monster count
 F = Vault count percentage of total count
                 A         B        C        D         E       F
            +---------+---------+-------+---------+---------+-------
      Total |    3469 |    1637 |  32.1 |     164 |      31 |  15.9
            +---------+---------+-------+---------+---------+-------
        D:1 |      40 |       0 |   0.0 |      22 |       0 |   0.0
        D:2 |      72 |       0 |   0.0 |      22 |       0 |   0.0
        D:3 |     153 |     503 |  76.7 |      27 |      14 |  34.1
        D:4 |     225 |     242 |  51.8 |      18 |       2 |  10.0
        D:5 |     288 |     264 |  47.8 |      12 |       1 |   7.7
        D:6 |    1730 |       4 |   0.2 |      38 |       3 |   7.3
        D:7 |     770 |       0 |   0.0 |      22 |       0 |   0.0
        D:8 |     190 |     480 |  71.6 |       2 |       4 |  66.7
     Temple |       1 |       0 |   0.0 |       1 |       0 |   0.0
      Sewer |       0 |     144 | 100.0 |       0 |       7 | 100.0
            +---------+---------+-------+---------+---------+-------
